AoeStats
← FORE_PoLiCe

African Clearing

510371147Analyzed
2v2 RM · 11h ago on Sep 30, 2026· 30m 38s· 4 players
Game mode
Random Map
Map size
Medium (4 player)
Population
200
Speed
Normal
Resources
Standard
Victory
Conquest
Starting age
Dark Age
Ending age
Imperial Age
RankedLock teamsTeams togetherTeam positionsShared explorationLock speedFull tech treeHidden civsTurbo modeCheats
Victory
Defeat
🇮🇳 Mongols · India
1266
+12
🇮🇳 Vietnamese · India
1090
+18
🇹🇼 Burgundians · Taiwan
1161
-15
🇩🇪 Khitans · Germany
1158
-15
SemperBlender
9:00 Loom
13:34 Feudal Age
14:13 Double-Bit Axe
marshonginn
3:43 Loom
10:40 Double-Bit Axe
16:41 Feudal Age
15:46 Horse Collar
17:10 Town Watch
17:46 Bow Saw
18:29 Gold Mining
20:41 Forging
23:26 Castle Age
22:21 Stone Mining
24:02 Stone Shaft Mining
24:16 Gold Shaft Mining
24:46 Wheelbarrow
25:35 Iron Casting
25:12 Scale Barding Armor
Fore_Ruthless
7:36 Loom
11:09 Feudal Age
12:05 Double-Bit Axe
17:57 Wheelbarrow
20:25 Castle Age
19:32 Horse Collar
20:08 Scale Barding Armor
20:39 Forging
20:54 Bloodlines
22:09 Bow Saw
21:53 Gold Mining
24:03 Horse Collar
25:10 Heavy Plow
27:11 Chain Barding Armor
28:05 Husbandry
FORE_PoLiCe
6:48 Loom
19:39 Feudal Age
23:41 Castle Age
22:12 Scale Barding Armor
22:19 Forging
23:46 Bloodlines
25:20 Wheelbarrow
24:39 Gold Mining
24:39 Double-Bit Axe
25:39 Horse Collar
28:29 Husbandry
30:49 Hand Cart
Connection lost

Rejoining the realm…

Still unreachable

The connection could not be restored.

Session expired

The server has moved on; the page needs a fresh start.